 Dungeon Crawl Stone Soup version 0.26-b1-52-g61e05abef2 (webtiles) character file.

Game seed: 7207142533824687159

1113 hawla the Conjurer (level 8, -3/57 HPs)
             Began as a Red Draconian Conjurer on Jan 7, 2021.
             Was an Initiate of Gozag.
             Slain by Pikel
             ... wielding a +2 whip of electrocution
              (15 damage)
             ... on level 6 of the Dungeon.
             The game lasted 00:13:24 (5584 turns).

hawla the Conjurer (Red Draconian Conjurer)         Turns: 5584, Time: 00:13:25

Health: -3/57      AC: 12    Str:  9    XL:     8   Next: 11%
Magic:  1/17       EV: 12    Int: 21    God:    Gozag
Gold:   285        SH:  0    Dex: 10    Spells: 12/19 levels left

rFire    + . .     SeeInvis .   e - +0 trident (venom)
rCold    + . .     Faith    .   (no shield)
rNeg     . . .     Spirit   .   (armour unavailable)
rPois    .         Reflect  .   (helmet restricted)
rElec    .         Harm     .   (no cloak)
rCorr    .         Rampage  .   (no gloves)
Will     .....     Clarity  +   p - +1 pair of boots
Stlth    ++........             (no amulet)
HPRegen  0.19/turn              c - +4 ring of protection
MPRegen  0.15/turn              r - ring of protection from cold

@: no status effects
A: breathe fire, unfitting armour, stinger 1, clarity, fire resistance 1, wild
magic 1, cold-blooded, AC +6
a: Breathe Fire, Renounce Religion, Potion Petition, Call Merchant, Bribe Branch


You were on level 6 of the Dungeon.
You worshipped Gozag.
Gozag was aware of your devotion.
You visited 1 branch of the dungeon, and saw 6 of its levels.

You collected 345 gold pieces.
You paid 60 gold pieces to Gozag.

Inventory:

Hand Weapons
 e - a +0 trident of venom (weapon)
Missiles
 f - 22 poisoned darts
 l - 4 boomerangs
 q - 4 javelins
Armour
 p - a +1 pair of boots (worn)
Jewellery
 c - a +4 ring of protection (left hand)
 r - a ring of protection from cold (right hand)
Scrolls
 a - a scroll of teleportation
 b - a scroll of amnesia
 d - 2 scrolls of remove curse
 j - a scroll of identify
Potions
 h - a potion of mutation
 i - 2 potions of curing
 m - a potion of haste
 n - a potion of might
 o - a potion of heal wounds


   Skills:
 - Level 2.0 Dodging
 - Level 2.0 Stealth
 + Level 6.0 Spellcasting
 + Level 6.4 Conjurations
 + Level 4.8 Translocations


You had 12 spell levels left.
You knew the following spells:

 Your Spells              Type           Power        Failure   Level
a - Magic Dart            Conj           100%         1%          1
b - Searing Ray           Conj           86%          2%          2
c - Iskenderun's Mystic   Conj/Tloc      39%          14%         4

Your spell library contained the following spells:

 Spells                   Type           Power        Failure   Level
 Dazzling Flash           Conj/Hex       50%          12%         3
 Fulminant Prism          Conj/Hex       12%          34%         4


Dungeon Overview and Level Annotations

Branches:
Dungeon (6/15)             Temple (0/1) D:6

Altars:
Cheibriados
Fedhas
Gozag
Hepliaklqana
Kikubaaqudgha
Makhleb
Nemelex Xobeh
Okawaru

Annotations:
D:5 Edmund
D:6 Eustachio, Pikel


Innate Abilities, Weirdness & Mutations

You can breathe blasts of fire.
Your fiery red scales are hard. (AC +6)
You cannot fit into any form of body armour.
Your flesh is heat resistant. (rF+)
You are cold-blooded and may be slowed by cold attacks.
Your tail ends in a poisonous barb.
You possess an exceptional clarity of mind.
Your spells are a little harder to cast, but a little more powerful.


Message History

The lemure is knocked back by the mystic blast.
The lemure slams into the rock wall!
The mystic blast hits the lemure!
The lemure is heavily wounded.
The lemure is knocked back by the mystic blast.
The lemure slams into the rock wall!
The howler monkey hoots and howls with incredible vigour!
You hear a shout! x2
Casting: Iskenderun's Mystic Blast (dangerous; 14% risk of failure)
Confirm with . or Enter, or press ? or * to list all spells.
Aiming: Searing Ray (safe; 2% risk of failure)
Press: ? - help, Shift-Dir - straight line, f - Pikel
Aim: Pikel, wielding a +2 whip of electrocution and wearing a +0 robe (lightly wounded, 23% to evade)
The searing ray hits Pikel!
Pikel is moderately wounded. (Press . to maintain the ray.) Pikel hits you with a +2 whip of electrocution.
* * * LOW HITPOINT WARNING * * *
You are electrocuted!
You die...
Your body crumbles into a pile of gold.

#..........##.##.#
...........##.##..
#..........##.###[.
#..........##.# ...
#..........##.# ...#
$
...........##.##.....
#.###.....h⌠.......
.. #..#.5.K5.....(.
#.###.5.@.⌠..... #.
#........##. ..
#...⌠...## #.
#..........
#............
...##......... ####
#......... #.########


You could see Pikel, 3 lemures and a howler monkey.

Vanquished Creatures
  5 ogres
  A scorpion (D:5)
  2 hounds (D:4)
  4 orc priests
  2 orc wizards
  Natasha (thrice) (D:3)
  3 worker ants
  Robin (D:3)
  7 gnolls (D:3)
  5 adders
  2 oozes (D:2)
  4 worms
  3 dart slugs
  3 leopard geckos
  13 orcs
  5 bats
  2 giant cockroaches (D:3)
  15 goblins
  8 hobgoblins
  2 jackals (D:6)
  2 quokkas
  2 ball pythons
  6 frilled lizards
  6 kobolds
  7 rats
113 creatures vanquished.

Notes
Turn   | Place    | Note
-------+----------+-------------------------------------------
     0 | D:1      | hawla the Draconian Conjurer began the quest for the Orb.
     0 | D:1      | Reached XP level 1. HP: 14/14 MP: 3/3
   298 | D:1      | Reached XP level 2. HP: 20/20 MP: 1/5
   396 | D:1      | Learned a level 2 spell: Searing Ray
   415 | D:1      | You fall into a shaft and drop 1 floor!
  1166 | D:1      | Reached XP level 3. HP: 26/26 MP: 5/7
  1833 | D:2      | Found a blossoming altar of Fedhas.
  2198 | D:2      | Reached XP level 4. HP: 33/33 MP: 5/9
  2203 | D:2      | Learned a level 4 spell: Iskenderun's Mystic Blast
  2253 | D:2      | Found an ancient bone altar of Kikubaaqudgha.
  2514 | D:3      | Found a sparkling altar of Nemelex Xobeh.
  2534 | D:3      | Noticed Natasha
  2575 | D:3      | Gained mutation: You possess an exceptional clarity of
                  | mind. [potion of mutation]
  2575 | D:3      | Gained mutation: Your spells are a little harder to cast,
                  | but a little more powerful. [potion of mutation]
  2575 | D:3      | Gained mutation: Your tail ends in a poisonous barb.
                  | [potion of mutation]
  2584 | D:3      | Killed Natasha
  2585 | D:3      | Reached skill level 1 in Translocations
  2664 | D:3      | Reached XP level 5. HP: 20/38 MP: 5/11
  3023 | D:3      | Noticed Natasha
  3029 | D:3      | Killed Natasha
  3145 | D:3      | Reached XP level 6. HP: 18/45 MP: 0/12
  3466 | D:3      | Noticed Robin
  3472 | D:3      | Killed Robin
  3803 | D:3      | Noticed Natasha
  3806 | D:3      | Killed Natasha
  3807 | D:3      | Reached skill level 5 in Conjurations
  4248 | D:4      | Reached skill level 5 in Spellcasting
  4409 | D:4      | Your scales start taking on a fiery red colour.
  4409 | D:4      | Reached XP level 7. HP: 50/50 MP: 6/14
  4409 | D:4      | Gained mutation: Your flesh is heat resistant. (rF+) [Red
                  | Draconian growth]
  4416 | D:4      | Found an opulent altar of Gozag.
  4425 | D:4      | Became a worshipper of Gozag Ym Sagoz the Greedy
  5142 | D:5      | Entered Level 5 of the Dungeon
  5305 | D:5      | Found an iron altar of Okawaru.
  5469 | D:5      | Reached XP level 8. HP: 57/57 MP: 9/16
  5486 | D:5      | Noticed Edmund
  5539 | D:6      | Found a faded altar of an unknown god.
  5539 | D:6      | Found a faded altar of an unknown god.
  5540 | D:6      | Noticed Eustachio
  5542 | D:6      | Found a burning altar of Makhleb.
  5542 | D:6      | Found a hazy altar of Hepliaklqana.
  5543 | D:6      | Found a snail-covered altar of Cheibriados.
  5564 | D:6      | Noticed Pikel
  5574 | D:6      | Found a staircase to the Ecumenical Temple.
  5584 | D:6      | Slain by Pikel

Illustrated notes

Levels and vault maps discovered:
D:1:      dpeg_arrival_castle, layout_basic
D:2:      layout_basic, overflow_temple_1_default, fedhas_altar_1
D:3:      layout_basic, nemelex_altar_shiori, uniq_robin, uniq_natasha
D:4:      layout_basic, grunt_gozag_breadcrumbs
D:5:      layout_cave_pools, lemuel_crystal_altar, marbit_many_paths,
          basic_altar, uniq_ijyb, uniq_edmund
D:6:      layout_rooms, lemuel_round_altar, chequers_temple_overflow_minitemple,
          temple_fountains, nicolae_ossuary_entry_plus, grunt_dithmenos_smoke,
          uniq_pikel, uniq_eustachio

Skill      XL: |  1  2  3  4  5  6  7  8 |
---------------+-------------------------+-----
Dodging        | 2 |  2.0
Stealth        | 2 |  2.0
Spellcasting   | 3 4 5 6 |  6.0
Translocations | 1 2 3 4 |  4.8
Conjurations   | 5 6 |  6.4

Action                   |  1- 3 |  4- 6 |  7- 9 || total
-------------------------+-------+-------+-------++-------
Melee: Unarmed           |    32 |    15 |     9 ||    56
       Tailslap          |     8 |       |     2 ||    10
       Trident           |       |       |     5 ||     5
 Cast: Magic Dart        |    27 |    14 |    32 ||    73
       Searing Ray       |    19 |    26 |    18 ||    63
       Iskenderun's Myst |       |     1 |     3 ||     4
  Use: Potion            |       |     4 |       ||     4
       Scroll            |       |     3 |     8 ||    11
Armor: Skin              |    10 |    12 |    15 ||    37
Dodge: Dodged            |    23 |    33 |    37 ||    93
